Unix NetHack Version 5.0.0-0 post-release - last build Jun 10 2026 00:39:30 (3ee93aec679c4c4259841fe613dc97188e26a321,branch:main).

Game began 2026-06-17 07:44:04, ended 2026-06-17 08:10:43.

LDaviesPeters, neutral female human Archeologist

                 #                                                 ----------
              --.#-                      ---------                 +........|
  ------     #....|                      ........|                 |.....B@.|
  |...+|     #|...|                      |.......-###              |........|
  |++.+|     #|...|                      |.......|  ##########   # |........|
  |+...|     #|....#                     -------.-           ######.F......F|
  ---|--     #-+---#                            ###            ### |........|
     #       ### # ##                             #                ----x-----
     ###       #### #                             ###                  ##
       ##      ## ###                               #                   #
        #####   #   ##         #                    ###                 #
            #   #   ##         ####                   #            -----.--
            #   #   ########`###  ##                  ####         |......|
   ---------.---#   #####--.--.-   ##############        #         |....<.|
   |....`......|#       #-.....|                ###      #         |......|
   |....>......-#        |.....+             -----.------|-        |......|
   |...........|         |.....|             |............|        --------
   -------------         -------             |............+
                                             --------------

LDaviesPeters the Field Worker  St:13 Dx:9 Co:12 In:14 Wi:17 Ch:10  Neutral
Dlvl:3  $:0  HP:0(27) Pw:16(16) AC:9  Xp:3 T:2112 

Latest messages:
 You add the "confuse monster" spell to your repertoire, as 'e'.
 "Hello, LDaviesPeters!  Welcome again to Lugnaquillia's rare books!"
 You see here a spellbook of extra healing (for sale, 400 zorkmids).
 What do you want to drop? [a-df-imsG-ILO or ?*] ?
 You drop a spellbook of confuse monster.
 Lugnaquillia offers 50 gold pieces for your spellbook of confuse monster.  Sell it? [ynaq] (n) y
 You sold a spellbook of confuse monster for 50 gold pieces.
 What do you want to use or apply? [abfgL or ?*] b
 You put 50 gold pieces into the sack.
 The little dog picks up a spellbook of confuse monster.
 The little dog drops a spellbook of confuse monster.
 "Hello, LDaviesPeters!  Welcome again to Lugnaquillia's rare books!"
 The little dog picks up a spellbook of extra healing.
 The little dog drops a spellbook of extra healing.
 You see here a spellbook of extra healing (no charge).
 The little dog picks up a cloth spellbook.
 P - a spellbook of extra healing.
 The little dog drops a cloth spellbook.
 The little dog picks up a cloth spellbook.
 What do you want to drop? [a-df-imsG-ILP or ?*] ?
 You drop a spellbook of extra healing.
 Lugnaquillia offers 150 gold pieces for your spellbook of extra healing.  Sell it? [ynaq] (n) y
 You sold a spellbook of extra healing for 150 gold pieces.
 What do you want to use or apply? [abfgL or ?*] b
 You put 150 gold pieces into the sack.
 The little dog drops a cloth spellbook.
 What do you want to use or apply? [abfgL or ?*] b
 The little dog picks up a paperback book named The Truth.
 The little dog drops a paperback book named The Truth.
 The little dog picks up a velvet spellbook.
 The little dog drops a velvet spellbook.
 The little dog picks up a cloth spellbook.
 The little dog drops a cloth spellbook.
 You hear the chime of a cash register.
 You see here a cloth spellbook.
 Q - a cloth spellbook.
 What do you want to read? [HQ or ?*] Q
 You feel a wrenching sensation.
 You materialize in a different location!
 The giant bat bites!
 The giant bat bites!
 The giant bat bites!
 The giant bat bites!
 The giant bat bites!
 The giant bat bites!
 The giant bat bites!
 The giant bat bites!
 The giant bat bites!
 You die...
 Do you want your possessions identified? [ynq] (y) q

Inventory:
 Amulets  ('"')
  I - a cursed amulet of restful sleep named Cursed
 Weapons  (')')
  G - a +0 boomerang (at the ready)
  s - 5 cursed -2 darts
  a - a +2 bullwhip (weapon in right hand)
 Armor    ('[')
  c - an uncursed +0 fedora (being worn)
  m - an uncursed +0 Hawaiian shirt with a sailboat motif (being worn)
  h - an uncursed +0 leather jacket (being worn)
 Comestibles  ('%')
  i - an uncursed slime mold
  d - 4 uncursed food rations
 Scrolls  ('?')
  H - an uncursed scroll of teleportation
 Spellbooks  ('+')
  Q - an uncursed spellbook of magic mapping
 Wands    ('/')
  L - a cursed wand of polymorph named Cursed (0:6)
 Tools    ('(')
  b - an uncursed sack containing 4 items
  f - a tinning kit (0:76)
 Gems/Stones  ('*')
  g - an uncursed touchstone

Contents of the sack:
  385 gold pieces
  an uncursed spellbook of extra healing
  an uncursed spellbook of remove curse
  a +0 pick-axe

LDaviesPeters the Archeologist's attributes:

Background:
 You were a Field Worker, a level 3 female human Archeologist.
 You were neutral, nominally on a mission for Camaxtli
 who was opposed by Quetzalcoatl (lawful) and Huhetotl (chaotic).
 You were right-handed.
 You were in the Dungeons of Doom, on level 3.
 You entered the dungeon 2112 turns ago.
 There was a new moon in effect when your adventure ended.
 You had 62 experience points, 18 more were needed to attain level 4.

Basics:
 You had 0 out of 27 hit points.
 You had all 16 energy points (spell power).
 Your armor class was 9.
 Your wallet was empty, but
 you had 385 zorkmids stashed away in your pack.
 Autopickup was off.

Final Characteristics:
 Your strength was 13 (limit:18/100).
 Your dexterity was 9 (limit:18).
 Your constitution was 12 (limit:18).
 Your intelligence was 14 (limit:18).
 Your wisdom was 17 (limit:18).
 Your charisma was 10 (limit:18).

Final Status:
 You weren't hungry.
 You were unencumbered.
 You were wielding a whip.
 You had basic skill with whip.

Final Attributes:
 You were devoutly aligned.
 You were telepathic.
 You had automatic searching.
 You were lucky.
 You are dead.

Miscellaneous:
 You didn't encounter any bones levels.
 Total elapsed playing time was 26 minutes and 38 seconds.

Major events:
 Turn
    1: LDaviesPeters the neutral female human Archeologist entered the dungeon
 1101: attained the rank of Field Worker (level 3)
 2112: killed by a giant bat, while reading a book

Spells:
 Name                 Level Category     Fail Retention
 remove curse           3   clerical     100%  76%-100%
 detect monsters        1   divination     8%  76%-100%
 wizard lock            2   matter        89%  76%-100%
 extra healing          3   healing      100%  76%-100%
 confuse monster        1   enchantment    8%  76%-100%

Skills:
 Fighting Skills
   bare handed combat [Unskilled]
   two weapon combat  [Unskilled]
   riding             [Unskilled]
 Weapon Skills
   dagger             [Unskilled]
   knife              [Unskilled]
   pick-axe           [Basic]
   short sword        [Unskilled]
   saber              [Unskilled]
   club               [Unskilled]
   quarterstaff       [Unskilled]
   sling              [Unskilled]
   dart               [Unskilled]
   boomerang          [Unskilled]
   whip               [Basic]
   unicorn horn       [Unskilled]
 Spellcasting Skills
   attack spells      [Unskilled]
   healing spells     [Unskilled]
   divination spells  [Unskilled]
   matter spells      [Unskilled]

Voluntary challenges:
 Character rerolling was not enabled.
 You were an atheist.
 You never genocided any monsters.
 You never polymorphed an object.
 You never changed form.
 You used no wishes.
Achievements:
 You entered a shop.
 You attained the rank of Field Worker.

 The Dungeons of Doom: levels 1 to 4
    Level 1:
       A sink.
    Level 2:
       A potion shop, some fountains.
    Level 3: <- You were here.
       A bookstore.
       Final resting place for
          you, killed by a giant bat, while reading a book.
    Level 4:


Vanquished creatures:
  a floating eye
  a giant bat
  3 coyotes
  a large kobold
  a gnome zombie
  a gecko
  7 jackals
  a fox
  4 kobolds
  6 grid bugs
  2 lichens
  6 newts
34 creatures vanquished.

No species were genocided or became extinct.

Game over:
                       ----------
                      /          \
                     /    REST    \
                    /      IN      \
                   /     PEACE      \
                  /                  \
                  |  LDaviesPeters   |
                  |      385 Au      |
                  |   killed by a    |
                  |    giant bat     |
                  |                  |
                  |                  |
                  |       2026       |
                 *|     *  *  *      | *
        _________)/\\_//(\/(/\)/\//\/|_)_______

Goodbye LDaviesPeters the Archeologist...

You died in The Dungeons of Doom on dungeon level 3 with 745 points,
and 385 pieces of gold, after 2112 moves.
You were level 3 with a maximum of 27 hit points when you died.

